 Dungeon Crawl Stone Soup version 0.28-a0-938-gbc3f381ebc (webtiles) character file.

Game seed: 7057389823643403231

1955 frimble the Ruffian (level 8, -3/79 HPs)
             Began as a Troll Warper on Nov 29, 2021.
             Shot with a sling bullet by Joseph (13 damage)
             ... on level 8 of the Dungeon.
             The game lasted 00:06:43 (5436 turns).

frimble the Ruffian (Troll Warper)                  Turns: 5436, Time: 00:06:44

Health: -3/79      AC:  5    Str: 20    XL:     8   Next: 99%
Magic:  6/8        EV: 10    Int: 11    God:
Gold:   332        SH:  0    Dex:  9    Spells: 7/9 levels left

rFire   . . .      SeeInvis .     - Unarmed
rCold   . . .      Faith    .   (no shield)
rNeg    . . .      Spirit   .   a - +1 robe
rPois   .          Reflect  .   (helmet restricted)
rElec   .          Harm     .   (no cloak)
rCorr   .          Rampage  .   (gloves unavailable)
Will    +....                   (boots unavailable)
Stlth   +.........              (no amulet)
HPRegen 1.03/turn               l - ring of willpower
MPRegen 0.11/turn               (no ring)

@: mighty
A: large, unfitting armour, claws 3, regeneration 1, shaggy fur 1, tough skin 1
a: no special abilities


You were on level 8 of the Dungeon.
You visited 1 branch of the dungeon, and saw 8 of its levels.
You also visited: Sewer.

You collected 332 gold pieces.

Inventory:

Missiles
 c - 5 boomerangs of dispersal
 h - 6 javelins
 i - 3 large rocks (quivered)
 j - 4 boomerangs
Armour
 a - a +1 robe (worn)
Jewellery
 l - a ring of willpower (left claw)
Wands
 d - a wand of charming (11)
 m - a wand of iceblast (5)
Scrolls
 g - 3 scrolls of identify
 r - a scroll of enchant armour
Potions
 b - a potion of haste
 e - 2 potions of might
 f - 2 potions of attraction
 k - a potion of flight
 n - 5 potions of curing
 p - a potion of heal wounds
 s - a potion of brilliance


   Skills:
 + Level 4.5 Fighting
 + Level 4.6 Throwing
 + Level 4.1 Armour
 - Level 2.1 Dodging
 + Level 5.5 Unarmed Combat
 - Level 1.2 Spellcasting
 + Level 4.5 Translocations


You had 7 spell levels left.
You knew the following spells:

 Your Spells              Type           Power      Damage    Failure   Level
a - Blink                 Tloc           20%        N/A       8%          2

Your spell library contained the following spells:

 Spells                   Type           Power      Damage    Failure   Level
 Gell's Gravitas          Tloc           10%        N/A       14%         3
 Lesser Beckoning         Tloc           10%        N/A       14%         3
 Teleport Other           Tloc           10%        N/A       14%         3
 Beastly Appendage        Tmut           0%         N/A       32%         1
 Corpse Rot               Necr/Air       0%         N/A       43%         2
 Poisonous Vapours        Pois/Air       0%         N/A       43%         2
 Wereblood                Tmut           0%         N/A       43%         2
 Frozen Ramparts          Ice            0%         1d2       67%         3
 Spider Form              Tmut/Pois      0%         N/A       67%         3
 Manifold Assault         Tloc           10%        N/A       80%         5
 Ice Form                 Ice/Tmut       0%         N/A       97%         4
 Olgreb's Toxic Radiance  Pois           0%         N/A       97%         4
 Summon Ice Beast         Ice/Summ       0%         N/A       97%         4
 Ozocubu's Refrigeration  Ice            0%         4d5       100%        7
 Ignition                 Fire           0%         3d3       100%        8


Dungeon Overview and Level Annotations

Branches:
Dungeon (8/15)             Temple (0/1) D:5           Sewer (visited)
   Lair: D:8-11

Altars:
Cheibriados
Dithmenos
Elyvilon
Gozag
Nemelex Xobeh
Qazlal
Ru
Sif Muna
Uskayaw
Vehumet
The Shining One

Shops:
D:5 (

Annotations:
D:8 Joseph, Maurice, Psyche


Innate Abilities, Weirdness & Mutations

You are too large for most types of armour.
You have claws for hands.
Your natural rate of healing is unusually fast.
You are covered in fur. (AC +1)
You have tough skin. (AC +1)


Message History

You barely miss Joseph.
Joseph is severely wounded.
Joseph zaps a wand.
You resist with almost no effort.
You barely miss Joseph.
Joseph is severely wounded.
The sky beast barely misses you. Joseph hits you with a +0 quarterstaff!
You closely miss Joseph.
Joseph is severely wounded.
A centaur comes into view.
The sky beast flickers out of sight!
Deactivating autopickup; reactivate with Ctrl-A.
Something hits you but does no damage.
Joseph hits you with a +0 quarterstaff!!
* * * LOW HITPOINT WARNING * * *
Casting: Blink (safe; 8% risk of failure)
Confirm with . or Enter, or press ? or * to list all spells.
You blink.
Joseph unwields a +0 quarterstaff.
Joseph wields a +0 hunting sling.
Joseph shoots a sling bullet.
The sling bullet hits you!
* * * LOW HITPOINT WARNING * * *
Throw: 5 large rocks
Press: ? - help, Q - select action, (/) - cycle Shift-Dir - straight line, f - Joseph
Aim: Joseph, wielding a +0 hunting sling, wearing a +0 ring mail, quivering sling bullets and carrying a wand of paralysis (6) (severely wounded, 63% to hit)
You throw a large rock. The large rock closely misses Joseph.
Joseph shoots a sling bullet.
The sling bullet hits you.
* * * LOW HITPOINT WARNING * * *
You feel much better.
Joseph shoots a sling bullet.
The sling bullet hits you!
* * * LOW HITPOINT WARNING * * *
The centaur wields a +0 shortbow.
The centaur shoots an arrow.
The arrow hits you!
* * * LOW HITPOINT WARNING * * *
A sky beast appears from thin air!
Reactivating autopickup.
Throw: 4 large rocks
Press: ? - help, Q - select action, (/) - cycle Shift-Dir - straight line, f/p - Joseph
Aim: Joseph, wielding a +0 hunting sling, wearing a +0 ring mail, quivering sling bullets and carrying a wand of paralysis (6) (severely wounded, 63% to hit)
You throw a large rock. The large rock hits the sky beast!!
You kill the sky beast!
You feel stable enough to blink again.
Joseph shoots a sling bullet.
The sling bullet hits you!
You die...

# #. #.#########.#.#
#....ยง(.@.....#
#@............#
......c#.#########.#
.......#.#
.......#.#
c....#.#.#
....##.#.##### ##.#
#.#.....# ##
#.#####.#


You could see Joseph and a centaur.

Vanquished Creatures
  Menkaure (D:7)
  2 water moccasins
  2 sky beasts
  Pargi (Sewer)
  An ice beast (D:7)
  3 ogres
  A necrophage (D:6)
  A centaur (D:5)
  Blork the orc (D:6)
  A bullfrog (D:6)
  A wyvern zombie (D:7)
  A scorpion (D:5)
  2 centaur zombies (D:6)
  A bullfrog skeleton (D:3)
  A bullfrog zombie (D:5)
  2 orc priests
  3 jellies
  2 iguanas
  Ijyb (D:5)
  4 orc wizards
  2 hound skeletons (D:5)
  11 gnolls
  4 adders
  A white imp (D:7)
  A worm (D:5)
  3 dart slugs
  11 orcs
  10 endoplasms
  6 giant cockroaches
  A goblin (D:2)
  4 hobgoblins
  2 jackals (D:4)
  7 kobolds
  2 quokkas
  5 ball pythons
  10 bats
  5 frilled lizards
  5 rats
122 creatures vanquished.

Notes
Turn   | Place    | Note
-------+----------+-------------------------------------------
     0 | D:1      | frimble the Troll Warper began the quest for the Orb.
     0 | D:1      | Reached XP level 1. HP: 19/19 MP: 1/1
   129 | D:1      | Reached skill level 1 in Throwing
   149 | D:1      | Reached XP level 2. HP: 28/28 MP: 2/2
   418 | D:1      | Found a faded altar of an unknown god.
   527 | D:2      | Learned a level 2 spell: Blink
   616 | D:2      | Reached XP level 3. HP: 35/35 MP: 3/3
   955 | D:3      | Reached skill level 1 in Armour
   955 | D:3      | Reached XP level 4. HP: 23/42 MP: 4/4
  1236 | D:3      | Reached XP level 5. HP: 20/49 MP: 5/5
  1261 | D:3      | Reached skill level 3 in Unarmed Combat
  1354 | D:3      | Found a glowing drain.
  1377 | Sewer    | Entered a sewer
  1416 | Sewer    | Noticed Pargi
  1423 | Sewer    | Killed Pargi
  1424 | Sewer    | Reached XP level 6. HP: 46/59 MP: 6/6
  2799 | D:5      | Entered Level 5 of the Dungeon
  2855 | D:5      | Found a staircase to the Ecumenical Temple.
  2875 | D:5      | Reached XP level 7. HP: 52/67 MP: 4/7
  3030 | D:5      | Reached skill level 4 in Unarmed Combat
  3400 | D:5      | Found Ekhuad's Weapon Shoppe.
  3434 | D:5      | Reached XP level 8. HP: 56/78 MP: 8/8
  3654 | D:5      | Noticed Ijyb
  3669 | D:5      | Killed Ijyb
  4109 | D:6      | Reached skill level 5 in Unarmed Combat
  4181 | D:6      | Noticed Blork the orc
  4186 | D:6      | Killed Blork the orc
  4559 | D:7      | Noticed Menkaure
  4562 | D:7      | Killed Menkaure
  4860 | D:7      | Found a hide-covered altar of Uskayaw.
  4861 | D:7      | Found a radiant altar of Vehumet.
  4861 | D:7      | Found an opulent altar of Gozag.
  4861 | D:7      | Found a glowing golden altar of the Shining One.
  4862 | D:7      | Found a sparkling altar of Nemelex Xobeh.
  4862 | D:7      | Found a sacrificial altar of Ru.
  4863 | D:7      | Found a white marble altar of Elyvilon.
  4863 | D:7      | Found a shimmering blue altar of Sif Muna.
  4864 | D:7      | Found a stormy altar of Qazlal.
  4917 | D:7      | Found a snail-covered altar of Cheibriados.
  4917 | D:7      | Found a shadowy altar of Dithmenos.
  5335 | D:8      | Noticed Psyche
  5410 | D:8      | Noticed Maurice
  5424 | D:8      | Noticed Joseph
  5434 | D:8      | HP: 2/79 [Joseph/sling bullet (6)]
  5436 | D:8      | Shot with a sling bullet by Joseph

Illustrated notes

Levels and vault maps discovered:
D:1:      dpeg_arrival_round_b, layout_rooms,
          shapermc_ecumenical_altar_hornbeckon
D:2:      layout_rooms, st_stairs_12
D:3:      layout_basic, portal_sewer_entry_b, hangedman_abyss_or_decor_stabs
D:4:      layout_basic, hangedman_decor_growths
D:5:      layout_basic, minmay_temple_entry_grid, serial_shops,
          nicolae_shop_bloodbath_and_beyond, uniq_ijyb
D:6:      layout_cave_pools, uniq_blork_the_orc
D:7:      layout_gridville, nicolae_overflows_in_rows, uniq_menkaure
D:8:      layout_loops_ring, gammafunk_ghost_smash, uniq_maurice, uniq_joseph,
          uniq_psyche

Skill      XL: |  1  2  3  4  5  6  7  8 |
---------------+-------------------------+-----
Throwing       | 1 2 3 4 |  4.6
Dodging        | 2 |  2.1
Fighting       | 2 3 4 |  4.5
Armour         | 1 2 3 4 |  4.1
Unarmed Combat | 3 4 5 |  5.5
Translocations | 3 4 |  4.5
Spellcasting   | |  1.2

Action                   |  1- 3 |  4- 6 |  7- 9 || total
-------------------------+-------+-------+-------++-------
Melee: Unarmed           |    83 |    97 |   196 ||   376
       Punch             |     1 |     1 |     4 ||     6
Throw: Large rock        |       |    12 |    22 ||    34
       Javelin           |       |     3 |       ||     3
 Cast: Blink             |       |     2 |     4 ||     6
  Use: Potion            |       |     2 |     2 ||     4
       Scroll            |       |     5 |     6 ||    11
 Stab: Sleeping          |       |     1 |       ||     1
Armor: Robe              |    37 |    43 |    65 ||   145
Dodge: Dodged            |    53 |    72 |    95 ||   220

Table legend: (Time is in decaauts)
 A = Elapsed time spent in this place.
 B = Non-inter-level travel time spent in this place.
 C = Inter-level travel time spent in this place.
 D = Time resting spent in this place.
 E = Time spent auto-exploring this place.
 F = Levels seen in this place.
 G = Mean time per level.
                   A        B        C        D        E       F      G
               +--------+--------+--------+--------+--------+-----+--------+
         Total |   5445 |   5242 |    203 |      0 |   4210 |   9 |  605.0 |
       Dungeon |   5335 |   5132 |    203 |      0 |   4145 |   8 |  666.9 |
         Sewer |    109 |    109 |      0 |      0 |     65 |   1 |  109.0 |
               +--------+--------+--------+--------+--------+-----+--------+

Top non-repeatable levels by time:
     D:3: 1037 daAuts
     D:5: 996 daAuts
     D:7: 995 daAuts
     D:4: 713 daAuts
     D:6: 541 daAuts
     D:1: 475 daAuts
     D:2: 468 daAuts
   Sewer: 109 daAuts
     D:8: 105 daAuts
